 Dungeon Crawl Stone Soup version 0.31-a0-506-g3d79149578 (webtiles) character file.

Game seed: 8922167932388315156

352 Ethylacetat the Ducker (level 6, -3/27 HPs)
             Began as an Octopode Gladiator on Aug 9, 2023.
             Splashed by a jelly's acid (6 damage)
             ... on level 4 of the Dungeon.
             The game lasted 00:06:58 (2894 turns).

Ethylacetat the Ducker (Octopode Gladiator)         Turns: 2894, Time: 00:06:58

Health: -3/27      AC: -3    Str: 13    XL:     6   Next: 61%
Magic:  6/6        EV: 15    Int: 11    God:
Gold:   144        SH:  0    Dex: 15    Spells: 5/5 levels left

rFire   . . .        h - melded +3 dagger
rCold   . . .        (shield currently unavailable)
rNeg    . . .        b - +0 hat
rPois   .            (no amulet)
rElec   .            (no ring)
rCorr   .            (no ring)
SInv    .            (no ring)
Will    .....        (no ring)
Stlth   +            (no ring)
HPRegen 0.24/turn    (no ring)
MPRegen 0.10/turn    (no ring)
                     (no ring)

%: no passive effects
@: flux-form, corroded, glowing
A: glow, contaminating, reduced hp, almost no armour, amphibious, 8 rings,
camouflage 1, gelatinous body 1, (nimble swimmer 1), tentacles
a: Begin Untransformation


You were on level 4 of the Dungeon.
You were something dangerously unstable.
You visited 1 branch of the dungeon, and saw 4 of its levels.

You collected 144 gold pieces.

Inventory:

Hand Weapons
 a - a +0 long sword
 h - a +3 dagger (melded)
Missiles
 c - 3 throwing nets (quivered)
 d - a javelin
Armour
 b - a +0 hat (worn)
Talismans
 o - a flux talisman (active)
Wands
 j - a wand of flame (8)
Scrolls
 e - 2 scrolls of identify {unknown}
 i - a scroll of revelation {unknown}
 l - 2 scrolls of poison {unknown}
 m - a scroll of blinking {unknown}
 n - a scroll of enchant armour {unknown}
 p - a scroll of teleportation {unknown}
 q - a scroll of butterflies {unknown}
 r - a scroll of amnesia {unknown}
Potions
 f - a potion of magic {unknown}
 g - a potion of attraction {unknown}
 k - a potion of degeneration {unknown}


   Skills:
 + Level 4.4 Fighting
 - Level 3.0 Long Blades
 - Level 2.0 Throwing
 + Level 5.0 Dodging
 + Level 0.0 Unarmed Combat
 * Level 2.3 Shapeshifting


You had 5 spell levels left.
You didn't know any spells.
Your spell library contained the following spells:

 Spells                   Type           Power      Damage    Failure   Level
 Blink                    Tloc           0%         N/A       47%         2
 Ozocubu's Armour         Ice            0%         N/A       71%         3
 Anguish                  Hex/Necr       0%         N/A       98%         4
 Cause Fear               Hex            0%         N/A       98%         4
 Manifold Assault         Tloc           0%         N/A       98%         4
 Passage of Golubria      Tloc           0%         N/A       98%         4
 Metabolic Englaciation   Hex/Ice        0%         N/A       100%        5
 Silence                  Hex/Air        0%         N/A       100%        5
 Simulacrum               Ice/Necr       0%         N/A       100%        6
 Enfeeble                 Hex            0%         N/A       100%        7
 Lehudib's Crystal Spear  Conj/Erth      0%         10d2      100%        8


Dungeon Overview and Level Annotations

Branches:
Dungeon (4/15)
 Temple: D:4-7

Altars:
Kikubaaqudgha
Nemelex Xobeh
Qazlal

Shops:
D:3 *

Annotations:
D:4 Ijyb


Innate Abilities, Weirdness & Mutations

You are something dangerously unstable.
You glow with magical radiation, making you easy to see and hit.
Foes you strike become dangerously contaminated with magical radiation.
Your maximum health is decreased, since you lack skill for your form.
You are incapable of wielding weapons or throwing items.
You cannot wear most types of armour.
You are amphibious.
You can wear up to eight rings at the same time.
Your skin changes colour to match your surroundings (Stealth+).
Your rubbery body absorbs attacks. (AC +1, EV +1)
((You are camouflaged when in or above water. (Stealth+)))
You have tentacles for arms and can constrict up to eight enemies at once.


Message History

Things that are here:
a +0 club; a +0 robe You enter the deep water.
You enter the deep water.
Found Waej Uff's Assorted Antiques.
There is an entrance to Waej Uff's Assorted Antiques here.
Done exploring.
You enter the deep water.
You enter the deep water.
There is an escape hatch in the floor here.
You see here 6 stones.
There is a stone staircase leading down here.
You climb downwards.
Found a book of Winter.
There is a stone staircase leading up here.
You pick up a book of Winter and begin reading...
You add the spells Ozocubu's Armour, Metabolic Englaciation and Simulacrum to your library.
r - a scroll labelled CEPTAK VEGGYKH
Found a hand axe.
You open the door.
A jelly comes into view.
The jelly quivers.
Ijyb the Twisted Goblin comes into view.
She is wielding a +0 club and carrying a wand of polymorph.
There is an open door here.
You tentacle-slap the jelly.
The jelly begins to glow.
The acid corrodes you!
Your tentacles burn!
The jelly is lightly wounded.
Ijyb shouts!
The jelly hits you.
You are splashed with acid!
You tentacle-slap the jelly but do no damage.
The jelly glows dangerously bright.
Your tentacles burn!
The jelly is lightly wounded.
The jelly hits you.
You are splashed with acid.
* * * LOW HITPOINT WARNING * * *
You completely miss the jelly. You squeeze the jelly.
The jelly is heavily wounded.
The jelly hits you.
* * * LOW HITPOINT WARNING * * *
The acid corrodes you!
You are splashed with acid.
You die...

#.# #.#
##.###.#
##...##.##
##..........
#.....##.##.
#.#.#.###.#
#.##....##.##
#.# #..##.#..#
## ##.#.#.#B#
#..####.J.#
#...# .....+
#...##......#
##...#..g....#
#...+.......#
#..##.......#
#..##......##
#..)


You could see Ijyb and a jelly (heavy contam).

Vanquished Creatures
  The ghost of stil the Insei, an amateur OpSh of Wu Jian (D:3)
  2 hounds (D:3)
  Jessica (D:3)
  Terence (D:2)
  Robin (D:2)
  3 adders
  A gnoll (D:3)
  2 worms (D:2)
  2 dart slugs (D:3)
  3 ball pythons
  7 bats
  7 endoplasms
  4 giant cockroaches
  9 goblins
  8 hobgoblins
  4 quokkas
  5 frilled lizards
  7 kobolds
  2 rats
70 creatures vanquished.

Notes
Turn   | Place    | Note
-------+----------+-------------------------------------------
     0 | D:1      | Ethylacetat the Octopode Gladiator began the quest for the
                  | Orb.
     0 | D:1      | Reached XP level 1. HP: 14/14 MP: 1/1
   122 | D:1      | Reached XP level 2. HP: 19/20 MP: 2/2
   751 | D:2      | Reached XP level 3. HP: 25/25 MP: 3/3
   786 | D:2      | Noticed Robin
   824 | D:2      | Killed Robin
   863 | D:2      | Reached XP level 4. HP: 13/31 MP: 4/4
   878 | D:2      | Reached skill level 4 in Dodging
   975 | D:2      | Noticed Terence
   989 | D:2      | Killed Terence
  1111 | D:2      | Found a faded altar of an unknown god.
  1352 | D:2      | Reached XP level 5. HP: 36/37 MP: 5/5
  1790 | D:3      | Reached skill level 1 in Shapeshifting
  1961 | D:3      | Noticed Jessica
  1970 | D:3      | Killed Jessica
  2065 | D:3      | Reached XP level 6. HP: 43/43 MP: 6/6
  2115 | D:3      | Found a large runed translucent door.
  2115 | D:3      | Found a large runed translucent door.
  2121 | D:3      | Noticed stil's ghost (amateur OpSh)
  2147 | D:3      | Killed stil's ghost
  2148 | D:3      | Reached skill level 5 in Dodging
  2249 | D:3      | Found a stormy altar of Qazlal.
  2408 | D:3      | Found a sparkling altar of Nemelex Xobeh.
  2413 | D:3      | Found an ancient bone altar of Kikubaaqudgha.
  2754 | D:3      | Found Waej Uff's Assorted Antiques.
  2891 | D:4      | Noticed Ijyb
  2894 | D:4      | Splashed by a jelly's acid

Illustrated notes

Levels and vault maps discovered:
D:1:      dpeg_arrival_leaves_temple_mockup, layout_basic
D:2:      layout_basic, ebering_ecumenical_altar_petrified,
          kennysheep_generic_room_14, uniq_robin, uniq_terence
D:3:      layout_loops_ring, mainiacjoe_overflow_concentric_impassable,
          amethyst_overflow_temple_binary, ebering_ghost_disaster_area,
          serial_shops, nicolae_lakefront_shop, cheibrodos_gnoll_hut,
          uniq_jessica
D:4:      nicolae_cairo_tiling_very_big, layout_loops_ring,
          minmay_misc_feat_roman, kennysheep_windowed_goal, uniq_ijyb

Skill      XL: |  1  2  3  4  5  6 |
---------------+-------------------+-----
Fighting       | 3 4 |  4.4
Dodging        | 4 5 |  5.0
Shapeshifting  | 1 2 |  2.3
Long Blades    | |  3.0
Throwing       | |  2.0

Action                     |  1- 3 |  4- 6 || total
---------------------------+-------+-------++-------
  Melee: Long sword        |    14 |       ||    14
         Constrict         |    18 |    22 ||    40
         Dagger            |    50 |    86 ||   136
         Tentacles         |     9 |    18 ||    27
         Punch             |     1 |       ||     1
         Unarmed           |       |    14 ||    14
    Use: Potion            |       |     3 ||     3
   Stab: Sleeping          |     8 |     1 ||     9
         Distracted        |     1 |       ||     1
 Armour: Skin              |     8 |     2 ||    10
  Dodge: Dodged            |    38 |    61 ||    99
   Form: Flux              |       |     2 ||     2
                           |       |     1 ||     1

Table legend: (Time is in decaauts)
 A = Elapsed time spent in this place.
 B = Non-inter-level travel time spent in this place.
 C = Inter-level travel time spent in this place.
 D = Time resting spent in this place.
 E = Time spent auto-exploring this place.
 F = Levels seen in this place.
 G = Mean time per level.
                   A        B        C        D        E       F      G
               +--------+--------+--------+--------+--------+-----+--------+
         Total |   2866 |   2699 |    167 |      0 |   2226 |   4 |  716.5 |
       Dungeon |   2866 |   2699 |    167 |      0 |   2226 |   4 |  716.5 |
               +--------+--------+--------+--------+--------+-----+--------+

Top non-repeatable levels by time:
     D:3: 1093 daAuts
     D:2: 1040 daAuts
     D:1: 711 daAuts
     D:4: 21 daAuts
